 Dungeon Crawl Stone Soup version 0.28-a0-724-g66f9036eb4 (webtiles) character file.

Game seed: 12902496589091458690

5 meatgazer the Skirmisher (level 1, -1/18 HPs)
             Began as a Demonspawn Abyssal Knight on Oct 26, 2021.
             Was a Follower of Lugonu.
             Slain by a quasit (2 damage)
             ... on level 2 of the Abyss.
             The game lasted 00:00:20 (66 turns).

meatgazer the Skirmisher (Demonspawn Abyssal Knight)  Turns: 66, Time: 00:00:20

Health: -1/18      AC:  3    Str: 13      XL:     1   Next: 66%
Magic:  2/2        EV: 11    Int: 11      God:    Lugonu [*.....]
Gold:   0          SH:  0    Dex: 11 (13) Spells: 0/0 levels left

rFire   . . .      SeeInvis .   a - +1 falchion
rCold   . . .      Faith    .   (no shield)
rNeg    . . .      Spirit   .   b - +0 leather armour
rPois   .          Reflect  .   (no helmet)
rElec   .          Harm     .   (no cloak)
rCorr   .          Rampage  .   (no gloves)
Will    .....                   (no boots)
Stlth   +.........              (no amulet)
HPRegen 0.06/turn               (no ring)
MPRegen 0.08/turn               (no ring)

@: no status effects
A: no striking features
a: Renounce Religion, Depart the Abyss


You were on level 2 of the Abyss.
You worshipped Lugonu.
Lugonu was aware of your devotion.
You visited 0 branches of the dungeon, and saw 0 of its levels.
You visited the Abyss 1 time.

Inventory:

Hand Weapons
 a - a +1 falchion (weapon)
Armour
 b - a +0 leather armour (worn)


   Skills:
 + Level 3.2 Fighting
 + Level 1.8 Long Blades
 + Level 1.8 Armour
 + Level 0.8 Dodging
 + Level 2.5 Invocations


You couldn't memorise any spells.
You didn't know any spells.
Your spell library was empty.

Dungeon Overview and Level Annotations

Branches:
Dungeon (0/15)

Altars:


Message History

The quasit closely misses you.
You closely miss the quasit. The quasit closely misses you.
The quasit claws you.
The quasit claws you but does no damage.
The quasit barely misses you. The quasit misses you.
The quasit claws you but does no damage.
You miss the quasit. The quasit barely misses you. x3
You miss the quasit. The quasit bites you.
You feel clumsy. The quasit barely misses you. The quasit claws you.
The quasit bites you but does no damage.
The quasit claws you.
The quasit claws you but does no damage.
You miss the quasit. The quasit bites you. The quasit barely misses you.
The quasit claws you.
You hit the quasit but do no damage. The quasit bites you.
You feel clumsy.
The quasit claws you but does no damage.
The quasit claws you. The quasit bites you.
The quasit claws you but does no damage.
The quasit misses you.
You miss the quasit. The quasit barely misses you. The quasit misses you.
The quasit claws you but does no damage.
The quasit barely misses you.
The quasit claws you but does no damage. x2
You closely miss the quasit. The quasit barely misses you.
The quasit claws you.
* * * LOW HITPOINT WARNING * * *
The quasit barely misses you.
You closely miss the quasit. The quasit barely misses you.
The quasit claws you but does no damage. x2
The quasit bites you.
* * * LOW HITPOINT WARNING * * *
The quasit closely misses you. The quasit completely misses you.
You closely miss the quasit. The quasit bites you.
* * * LOW HITPOINT WARNING * * *
The quasit claws you but does no damage.
The quasit misses you.
You miss the quasit. The quasit bites you.
You die...

# . ≈ ≈ ≈ ≈≈
.##. #..#≈ ≈≈≈
##.#..## ... ≈
♣≈ #.. #...
#####. # ≈≈#
..#.#.#.#....#.
..#. .#
..#..#.§## #..
. ##.
#...#....... .
# #..#5### .#.
....#..
#.@#..#.#.##..
#... #.## .## #
.. .. ..# ##..
..#### #.#.
..## .. .. .. .
...# . ....# ##
#. # #... .# .
##... #. .#


You could see a quasit.

Vanquished Creatures
  An ufetubus (Abyss:2)
1 creature vanquished.

Notes
Turn   | Place    | Note
-------+----------+-------------------------------------------
     0 | Abyss:1  | meatgazer the Demonspawn Abyssal Knight began the quest for
                  | the Orb.
     0 | Abyss:1  | Reached XP level 1. HP: 18/18 MP: 2/2
    50 | Abyss:2  | Noticed a quasit
    66 | Abyss:2  | Slain by a quasit

Illustrated notes

Levels and vault maps discovered:
Abyss:2:  base:
Temple

Action                   || total
-------------------------++-------
Melee: Falchion          ||    13
  Use: Potion            ||     1
Armor: Leather armour    ||    14
Dodge: Dodged            ||    24

Table legend: (Time is in decaauts)
 A = Elapsed time spent in this place.
 B = Non-inter-level travel time spent in this place.
 C = Inter-level travel time spent in this place.
 D = Time resting spent in this place.
 E = Time spent auto-exploring this place.
 F = Levels seen in this place.
 G = Mean time per level.
                   A        B        C        D        E       F      G
               +--------+--------+--------+--------+--------+-----+--------+
         Total |     68 |     68 |      0 |      0 |     33 |   2 |   34.0 |
         Abyss |     68 |     68 |      0 |      0 |     33 |   2 |   34.0 |
               +--------+--------+--------+--------+--------+-----+--------+

Top non-repeatable levels by time:
 Abyss:2: 42 daAuts
 Abyss:1: 26 daAuts
